AoeStats
← {WaZzU'P} Recluta4!

Four Lakes

503495774Analyzed
3v3 RM · 1mo ago on Aug 31, 2026· 21m 4s· 6 players
Game mode
Random Map
Map size
Normal (6 player)
Population
200
Speed
Normal
Resources
Standard
Victory
Conquest
Starting age
Dark Age
Ending age
Imperial Age
RankedLock teamsTeams togetherTeam positionsShared explorationLock speedFull tech treeHidden civsTurbo modeCheats
Victory
Defeat
🇺🇸 Poles · United States
1104
+17
🇬🇧 Persians · United Kingdom
1078
+18
🇸🇪 Vietnamese · Sweden
1068
+18
🇺🇸 Lithuanians · United States
1172
-20
🇮🇳 Franks · India
1110
-17
🇨🇭 Burgundians · Switzerland
1066
-15
aśoka
6:19 Loom
11:13 Feudal Age
{WaZzU'P} Recluta4!
11:22 Feudal Age
9:39 Loom
14:03 Wheelbarrow
13:19 Double-Bit Axe
14:56 Scale Barding Armor
15:11 Bloodlines
16:26 Wheelbarrow
15:56 Town Watch
16:24 Forging
21:31 Castle Age
{WaZzU'P} GranPolo
3:51 Loom
12:18 Feudal Age
GossamerSpoon89
7:46 Loom
10:23 Feudal Age
11:04 Double-Bit Axe
11:00 Horse Collar
20:01 Castle Age
19:19 Wheelbarrow
19:04 Scale Barding Armor
21:23 Bloodlines
21:14 Husbandry
21:27 Forging
Wegason
8:25 Loom
12:50 Feudal Age
14:39 Feudal Age
15:04 Town Watch
15:49 Fletching
16:03 Double-Bit Axe
J.D.Rehn
9:33 Loom
11:58 Feudal Age
12:59 Double-Bit Axe
12:53 Man-at-Arms
14:36 Wheelbarrow
13:53 Gold Mining
14:00 Fishing Lines
18:54 Fletching
Connection lost

Rejoining the realm…

Still unreachable

The connection could not be restored.

Session expired

The server has moved on; the page needs a fresh start.